 Dungeon Crawl Stone Soup version 0.31.0-9-g3a7656b989 (console) character file.

Game seed: 1697121055868625854

104 AlterAsc the Sneak (level 4, 0/24 HPs)
             Began as a Vampire Enchanter on Jan 29, 2024.
             Killed from afar by Ijyb (9 damage)
             ... with an iceblast
             ... on level 3 of the Dungeon.
             The game lasted 00:05:08 (2082 turns).

AlterAsc the Sneak (Vampire Enchanter)              Turns: 2082, Time: 00:05:08

Health: 0/24       AC:  4    Str:  7    XL:     4   Next: 52%
Magic:  3/7        EV: 12    Int: 17    God:
Gold:   172        SH:  0    Dex: 16    Spells: 5/7 levels left

rFire   . . .        a - +1 dagger
rCold   + + .        (no shield)
rNeg    + + +        b - +0 robe
rPois   ∞            i - +1 helmet
rElec   .            (no cloak)
rCorr   .            (no gloves)
SInv    +            (no boots)
Will    .....        (no amulet)
Stlth   +++++        (no ring)
HPRegen 0.00/turn    (no ring)
MPRegen 0.10/turn

%: no passive effects
@: bloodless, inhibited regen
A: bloodless, fangs 3, see invisible, vampiric 2
a: Bat Form, Revivify


You were on level 3 of the Dungeon.
You visited 1 branch of the dungeon, and saw 3 of its levels.

You collected 172 gold pieces.

Inventory:

Hand Weapons
 a - a +1 dagger (weapon)
Armour
 b - a +0 robe (worn)
 c - a +0 animal skin
 i - a +1 helmet (worn)
Jewellery
 n - a ring of willpower
 o - a ring of protection from cold
 r - a ring of fire
Scrolls
 d - a scroll of enchant armour {unknown}
 f - a scroll of fear
 g - 3 scrolls of identify {unknown}
 p - a scroll of amnesia {unknown}
 q - a scroll of fog {unknown}
 s - a scroll of vulnerability {unknown}
Potions
 e - a potion of cancellation {unknown}
 h - a potion of curing {unknown}
 j - a potion of attraction {unknown}
 k - a potion of mutation {unknown}
 l - a potion of magic {unknown}
 m - 2 potions of enlightenment {unknown}
 t - a potion of berserk rage {unknown}


   Skills:
 - Level 1.1 Short Blades
 - Level 2.1 Dodging
 + Level 6.6 Stealth
 - Level 2.0 Spellcasting
 + Level 6.3 Hexes


You had 5 spell levels left.
You knew the following spells:

 Your Spells              Type           Power      Damage    Failure   Level
a - Ensorcelled Hibernat  Hex/Ice        24%        N/A       9%          2

Your spell library contained the following spells:

 Spells                   Type           Power      Damage    Failure   Level
 Confusing Touch          Hex            23%        N/A       4%          3
 Tukima's Dance           Hex            23%        N/A       4%          3
 Dazzling Flash           Conj/Hex       24%        N/A       16%         3


Dungeon Overview and Level Annotations

Branches:
Dungeon (3/15)

Altars:

Annotations:
D:3 Ijyb


Innate Abilities, Weirdness & Mutations

You do not regenerate when monsters are visible.
You are frail without blood (-20% HP).
You can heal yourself when you bite living creatures.
You are immune to poison.
You have razor-sharp teeth.
You have supernaturally acute eyesight. (SInv)
You are afflicted with vampirism and can become a bat while bloodless.


Message History

You hit Ijyb but do no damage. Ijyb hits you with a +0 dagger.
Casting: Ensorcelled Hibernation (safe; 9% risk of failure)
Confirm with . or Enter, or press ? or * to list all spells.
Aiming: Ensorcelled Hibernation (safe; 9% risk of failure)
Press: ? - help, Shift-Dir - straight line, f - Ijyb
Aim: Ijyb, wielding a +0 dagger, wearing a +0 leather armour and carrying a wand of iceblast (not susceptible)
Okay, then.
Unknown command.
You hit Ijyb.
Ijyb is lightly wounded.
Ijyb barely misses you.
You hit Ijyb but do no damage.
Ijyb is lightly wounded.
Ijyb hits you but does no damage.
You hit Ijyb.
Ijyb is moderately wounded.
Ijyb misses you.
You hit Ijyb but do no damage.
Ijyb is moderately wounded.
Ijyb hits you with a +0 dagger.
You hit Ijyb but do no damage.
Ijyb is moderately wounded.
Ijyb hits you but does no damage.
You hit Ijyb but do no damage.
Ijyb is moderately wounded.
Ijyb hits you with a +0 dagger.
You hit Ijyb but do no damage. You punch Ijyb.
Ijyb is moderately wounded.
Ijyb barely misses you.
You hit Ijyb.
Ijyb is moderately wounded.
Ijyb hits you with a +0 dagger.
You hit Ijyb but do no damage.
Ijyb is moderately wounded.
Ijyb hits you with a +0 dagger. Ijyb attacks as she pursues you!
Ijyb misses you.
Okay, then.
Okay, then.
Ijyb zaps a wand.
The mass of ice explodes!
The iceblast engulfs you! You partially resist.
You die...

# ...##.#####
.##.#......##
............##
#..........# ..
#..........#
....#..........#
....#..........#
..........<....#
....#....<....## .##
#....)....## .
#...@.)....# .#
#..........# ..
#..........# #.
#..g...(...# #.
##..........# #. #.
#..........##
#..#†##.#..........#
#......#.########.#
#..........# ..#
....###.......# .#
### ##......# +#


You could see Ijyb.

Vanquished Creatures
  Robin (D:3)
  2 adders (D:2)
  2 dart slugs (D:2)
  A ribbon worm (D:2)
  6 endoplasms
  2 giant cockroaches (D:1)
  8 goblins
  8 hobgoblins
  13 jackals
  A kobold (D:2)
  A quokka (D:2)
  5 ball pythons
  3 bats
  4 frilled lizards
  3 rats
60 creatures vanquished.

Vanquished Creatures (others)
  A goblin (D:2)
1 creature vanquished.

Grand Total: 61 creatures vanquished

Notes
Turn   | Place    | Note
-------+----------+-------------------------------------------
     0 | D:1      | AlterAsc the Vampire Enchanter began the quest for the Orb.
     0 | D:1      | Reached XP level 1. HP: 13/13 MP: 3/3
   202 | D:1      | Reached XP level 2. HP: 15/15 MP: 5/5
   205 | D:1      | Learned a level 2 spell: Ensorcelled Hibernation
   249 | D:1      | Reached skill level 5 in Stealth
   301 | D:1      | Reached skill level 5 in Hexes
   367 | D:1      | Found a faded altar of an unknown god.
   577 | D:2      | Gained mutation: You are afflicted with vampirism and can
                  | become a bat while bloodless. [Vampire growth]
   577 | D:2      | Reached XP level 3. HP: 16/19 MP: 2/6
  1432 | D:2      | Reached XP level 4. HP: 24/24 MP: 4/7
  1772 | D:3      | Noticed Robin
  1955 | D:3      | Killed Robin
  2052 | D:3      | Noticed Ijyb
  2082 | D:3      | Killed from afar by Ijyb

Illustrated notes

Levels and vault maps discovered:
D:1:      co_arrival_two_rings, layout_rooms,
          shapermc_ecumenical_altar_mp_vishouse, st_stairs_5, minmay_domino_2
D:2:      layout_loops_corners, minmay_hedge_maze
D:3:      minmay_chambers_of_threes, layout_rooms, lightli_corner_chamber,
          uniq_robin, uniq_ijyb

Skill      XL: |  1  2  3  4 |
---------------+-------------+-----
Stealth        | 5 6 |  6.6
Hexes          | 5 6 |  6.3
Short Blades   | |  1.1
Dodging        | |  2.1
Spellcasting   | |  2.0

Action                     |  1- 3 |  4- 6 || total
---------------------------+-------+-------++-------
  Melee: Dagger            |    97 |    70 ||   167
         Bite              |    12 |     6 ||    18
         Punch             |     1 |     1 ||     2
   Cast: Ensorcelled Hiber |    20 |    10 ||    30
Ability: Exsanguinate      |     1 |       ||     1
    Use: Potion            |       |     2 ||     2
         Scroll            |       |     1 ||     1
   Stab: Sleeping          |    24 |     8 ||    32
         Invisible         |       |     5 ||     5
 Armour: Robe              |    39 |    50 ||    89
  Dodge: Dodged            |    66 |    72 ||   138
